 Dungeon Crawl Stone Soup version 0.19-a0-1155-gb6eeeff (webtiles) character file.

72 Duffy the Skirmisher (level 4, -4/42 HPs)
             Began as a Minotaur Monk on Aug 13, 2016.
             Slain by Sigmund
             ... wielding a +2 scythe of protection
              (6 damage)
             ... on level 2 of the Dungeon.
             The game lasted 00:01:45 (1322 turns).

Duffy the Skirmisher (Minotaur Monk)                Turns: 1322, Time: 00:01:46

Health: -4/42      AC:  6    Str: 16    XL:     4   Next: 6%
Magic:  3/3        EV: 12    Int:  8    God:
Gold:   40         SH:  0    Dex: 12    Spells: 0 memorised, 3 levels left

rFire  . . .     SeeInvis .     a - +0 falchion
rCold  . . .     Gourm    .     k - +0 ring mail
rNeg   . . .     Faith    .     (no shield)
rPois  .         Spirit   .     (helmet restricted)
rElec  .         Dismiss  .     (no cloak)
rCorr  .         Reflect  .     (no gloves)
MR     .....     Harm     .     m - +0 pair of boots
Stlth  +.........               (no amulet)
                                (no ring)
                                (no ring)

@: no status effects
A: retaliatory headbutt, horns 2
a: no special abilities


You were on level 2 of the Dungeon.
You were not hungry.

You visited 1 branch of the dungeon, and saw 2 of its levels.

You collected 40 gold pieces.


Innate Abilities, Weirdness & Mutations

You reflexively headbutt those who attack you in melee.
You have a pair of horns on your head.


   Skills:
 + Level 5.1 Fighting
 + Level 4.7 Long Blades
 - Level 3.2 Dodging
 - Level 1.5 Stealth


You had 3 spell levels left.
You didn't know any spells.

Inventory:

Hand Weapons
 a - a +0 falchion (weapon)
Armour
 b - a +0 robe
 k - a +0 ring mail (worn)
 m - a +0 pair of boots (worn)
Scrolls
 d - a scroll of identify {unknown}
 e - a scroll of recharging {unknown}
 i - 2 scrolls of fog
 l - a scroll of immolation {unknown}
 p - a scroll of teleportation {unknown}
 r - a scroll of amnesia {unknown}
 s - a scroll of enchant weapon {unknown}
 t - a scroll of enchant armour {unknown}
Potions
 f - a potion of agility {unknown}
 g - a potion of invisibility {unknown}
 j - a potion of haste {unknown}
 n - a potion of ambrosia {unknown}
 u - 2 potions of lignification {unknown}
Comestibles
 c - a bread ration
 h - a royal jelly
 o - a slice of pizza

Dungeon Overview and Level Annotations

Branches:
Dungeon (2/15)

Altars:

Annotations:
D:2 Sigmund


Message History

There is a stone staircase leading down here.
Wear which item? (? for menu, Esc to quit)
You start putting on your armour.
You continue putting on your pair of boots.
All of the chunks of flesh in your inventory have rotted away.
You continue putting on your pair of boots. x3
You finish putting on your +0 pair of boots.
You climb downwards.
Level annotation: Sigmund
There is a stone staircase leading up here.
There is a stone staircase leading up here.
Sigmund gestures at you while chanting. You resist with some effort.
There is a stone staircase leading up here.
You start waiting.
Sigmund hits you with a scythe of protection.
There is a stone staircase leading up here.
You hit Sigmund.
Sigmund is lightly wounded.
Sigmund points at you and mumbles some strange words.
You are confused.
You are too confused!
You are too confused!
You are too confused!
You are too confused!
Sigmund mumbles some strange words.
Sigmund flickers and vanishes!
Deactivating autopickup; reactivate with Ctrl-A.
Something hits you.
You closely miss something. Something barely misses you.
You feel less confused.
You hear some strange, mumbled words.
Something tries to affect you, but you resist.
Something hits you.
You hit something. Something hits you.
You hit something. Your headbutt misses something. You hit something.
Your headbutt misses something. Something hits you.
You hit something but do no damage. Your headbutt misses something.
Something hits you.
You hit something. You miss something. Something hits you.
You hit something but do no damage. Something hits you.
You barely miss something. You headbutt something. You hit something.
You hear some strange, mumbled words.
A puff of flame appears from out of thin air!
The puff of flame hits you! Something hits you.
You closely miss something. You hit something. Your headbutt misses something.
Something hits you.
You die...

##### ## #...# #####.#.
#...###.........
#...#...........
#....##.#.#.#.#.(....
#....................#..
#.....#.................
#.......#..........#...!
#......@...........#....
#.....<.................
###...#........##.....#.
#.....#........#.......>
#.....#.................
#....##.................
#....##.................
####.................##.
#....................


There were no monsters in sight!

Action                   |  1- 3 |  4- 6 || total
-------------------------+-------+-------++-------
Melee: Falchion          |    89 |    13 ||   102
       Headbutt          |     7 |     1 ||     8
  Use: Scroll            |       |     2 ||     2
  Eat: Chunk             |     1 |       ||     1
Armor: Ring mail         |    26 |       ||    26
       Robe              |     3 |       ||     3
Dodge: Dodged            |    49 |     1 ||    50

Notes
Turn   | Place    | Note
-------+----------+-------------------------------------------
     0 | D:1      | Duffy the Minotaur Monk began the quest for the Orb.
     0 | D:1      | Reached XP level 1. HP: 19/19 MP: 0/0
   255 | D:1      | Reached skill level 4 in Fighting
   272 | D:1      | Reached XP level 2. HP: 27/27 MP: 1/1
   280 | D:1      | Reached skill level 4 in Long Blades
   658 | D:1      | Reached XP level 3. HP: 29/34 MP: 2/2
  1076 | D:2      | Noticed Jessica
  1077 | D:2      | Noticed Sigmund
  1104 | D:1      | Killed Jessica
  1104 | D:1      | Reached skill level 5 in Fighting
  1104 | D:1      | Reached XP level 4. HP: 33/42 MP: 3/3
  1322 | D:2      | Slain by Sigmund

Skill      XL: |  1  2  3 |
---------------+----------+-----
Fighting       | 4 5 |  5.1
Long Blades    | 4 |  4.7
Dodging        | |  3.2
Stealth        | |  1.5

Vault maps used:
D:1:      eino_arrival_cavern_d, minmay_heptomino_h4
D:2:      ecumenical_altar_1, uniq_jessica, uniq_sigmund

Vanquished Creatures
  Jessica
  A worm
  A dart slug
  A giant gecko
  4 bats
  2 giant cockroaches
  8 goblins
  2 hobgoblins
  3 jackals
  2 giant newts
  5 kobolds
  10 rats
40 creatures vanquished.
